 Dungeon Crawl Stone Soup version 0.31-a0-1-g4198be8af4 (webtiles) character file.

Game seed: 16376773965668527009

203 NateTC the Cudgeller (level 5, -8/33 HPs)
             Began as a Gargoyle Fighter on May 1, 2023.
             Mangled by an ogre
             ... wielding a +0 giant club
              (22 damage)
             ... on level 4 of the Dungeon.
             The game lasted 00:07:07 (2873 turns).

NateTC the Cudgeller (Gargoyle Fighter)             Turns: 2873, Time: 00:07:08

Health: -8/33      AC: 21    Str: 22    XL:     5   Next: 81%
Magic:  5/5        EV:  7    Int:  8    God:
Gold:   165        SH:  7    Dex:  9    Spells: 4/4 levels left

rFire   . . .        a - +0 flail
rCold   . . .        p - +0 kite shield
rNeg    + . .        m - +0 chain mail
rPois   ∞            (no helmet)
rElec   +            (no cloak)
rCorr   .            (no gloves)
SInv    .            (no boots)
Will    .....        (no amulet) Stlth
                     h - +4 ring of protection
HPRegen 0.25/turn    c - +4 ring of protection
MPRegen 0.09/turn

%: no passive effects
@: no status effects
A: sickness immunity, AC +4, negative energy resistance 1, electricity
resistance, torment resistance 1, petrification resistance
a: no special abilities


You were on level 4 of the Dungeon.
You visited 1 branch of the dungeon, and saw 4 of its levels.

You collected 165 gold pieces.

Inventory:

Hand Weapons
 a - a +0 flail (weapon)
Armour
 m - a +0 chain mail (worn)
 p - a +0 kite shield (worn)
Jewellery
 c - a +4 ring of protection (right hand)
 h - a +4 ring of protection (left hand)
 j - a ring of protection from cold
 n - a ring of flight
 s - an amulet of magic regeneration
Wands
 b - a wand of paralysis (20)
Scrolls
 o - 3 scrolls of blinking
Potions
 d - a potion of might
 e - 2 potions of haste
 f - a potion of ambrosia {unknown}
 g - a potion of brilliance {unknown}
 i - 2 potions of heal wounds {unknown}
 k - 2 potions of curing
 l - a potion of attraction {unknown}
 r - a potion of degeneration {unknown}


   Skills:
 - Level 4.0 Fighting
 * Level 4.8 Maces & Flails
 - Level 4.0 Armour
 * Level 3.2 Shields
 + Level 1.0 Evocations


You had 4 spell levels left.
You didn't know any spells.
Your spell library contained the following spells:

 Spells                   Type           Power      Damage    Failure   Level
 Sting                    Tmut/Pois      0%         1d3       99%         1
 Poisonous Vapours        Pois/Air       0%         N/A       100%        2
 Mephitic Cloud           Conj/Pois/Air  0%         N/A       100%        3
 Ozocubu's Armour         Ice            0%         N/A       100%        3
 Olgreb's Toxic Radiance  Pois           0%         N/A       100%        4
 Freezing Cloud           Conj/Ice/Air   0%         6-21      100%        5
 Metabolic Englaciation   Hex/Ice        0%         N/A       100%        5
 Simulacrum               Ice/Necr       0%         N/A       100%        6


Dungeon Overview and Level Annotations

Branches:
Dungeon (4/15) Zot: 21062
 Temple: D:4-7

Altars:
Fedhas


Innate Abilities, Weirdness & Mutations

You are immune to sickness and miasma.
Your stone body is resilient. (AC +4)
You are immune to poison.
You resist negative energy. (rN+)
You are resistant to electric shocks. (rElec)
You are resistant to unholy torment.
You are immune to petrification.


Message History

You continue putting on your +0 kite shield. x5
You finish putting on your +0 kite shield.
You drop a +0 buckler.
Search for what [Enter for "armor", or ? for help]? mace
Okay, then.
(D) Dungeon
Where to? (Enter - D:3 @ (x,y), ? - help)
There is a stone staircase leading down here.
You climb downwards.
There is a stone staircase leading up here.
Found a book of Winter and 13 gold pieces.
Found a +4 ring of protection.
Found a stone staircase leading up.
Found a scroll of amnesia.
You pick up a book of Winter and begin reading...
You add the spells Ozocubu's Armour, Metabolic Englaciation and Simulacrum to your library.
An ogre comes into view. It is wielding a +0 giant club.
The ogre shouts!
You see here a +4 ring of protection.
c - a +4 ring of protection You remove your ring of protection from cold.
c - a +4 ring of protection (right hand)
You hit the ogre but do no damage.
The ogre hits you with a +0 giant club!!
Ouch! That really hurt!
You sock the ogre!
The ogre is heavily wounded.
You hit the ogre.
The ogre is severely wounded.
The ogre hits you with a +0 giant club!
* * * LOW HITPOINT WARNING * * *
You feel better. The ogre barely misses you.
You hit the ogre but do no damage.
The ogre is severely wounded.
You block the ogre's attack.
You barely miss the ogre.
The ogre is severely wounded.
The ogre hits you with a +0 giant club!!
Ouch! That really hurt!
You die...

#................
####.###...# ##....
#..........##......
#..........#..#...
#..............###.
#..................
#.<................
####.###.....#...##
..# #..@##....#
.......O.# ....#
.............#.##
..........### ..#
......#.$.# ..# .
#... .. .... .....


You could see an ogre.

Vanquished Creatures
  3 orc priests (D:3)
  An orc wizard (D:3)
  2 adders
  A worm (D:3)
  2 dart slugs (D:3)
  11 orcs (D:3)
  6 endoplasms
  3 giant cockroaches
  4 hobgoblins
  9 jackals
  3 quokkas
  5 ball pythons
  8 bats
  3 frilled lizards
  5 goblins
  6 kobolds
  4 rats
76 creatures vanquished.

Vanquished Creatures (others)
  6 fungi (D:3)
6 creatures vanquished.

Grand Total: 82 creatures vanquished

Notes
Turn   | Place    | Note
-------+----------+-------------------------------------------
     0 | D:1      | NateTC the Gargoyle Fighter began the quest for the Orb.
     0 | D:1      | Reached XP level 1. HP: 14/14 MP: 1/1
   169 | D:1      | Reached XP level 2. HP: 18/19 MP: 2/2
   672 | D:1      | Reached XP level 3. HP: 19/24 MP: 3/3
  1933 | D:3      | Reached XP level 4. HP: 29/29 MP: 4/4
  2248 | D:3      | Reached XP level 5. HP: 32/33 MP: 5/5
  2694 | D:3      | Reached skill level 1 in Evocations
  2717 | D:3      | Found a blossoming altar of Fedhas.
  2862 | D:4      | Noticed an ogre
  2873 | D:4      | Mangled by an ogre

Illustrated notes

Levels and vault maps discovered:
D:1:      erik_arrival_triangle_huge, layout_loops_ring,
          wander_ebering_terrifying_dragon_lair
D:2:      layout_loops_ring
D:3:      minmay_skewed_foursquare, layout_rooms, mainiacjoe_overflow_alcove_4
D:4:      layout_rooms

Skill      XL: |  1  2  3  4  5 |
---------------+----------------+-----
Maces & Flails | 3 4 |  4.8
Fighting       | 4 |  4.0
Armour         | 4 |  4.0
Evocations     | 1 |  1.0
Shields        | |  3.2

Action                     |  1- 3 |  4- 6 || total
---------------------------+-------+-------++-------
  Melee: Flail             |   132 |   135 ||   267
    Use: Scroll            |     4 |     3 ||     7
         Potion            |       |     1 ||     1
 Armour: Scale mail        |    89 |       ||    89
         Chain mail        |    20 |   124 ||   144
  Dodge: Dodged            |    74 |    83 ||   157
  Block: Buckler           |    36 |    27 ||    63
         Kite shield       |       |     1 ||     1

Table legend: (Time is in decaauts)
 A = Elapsed time spent in this place.
 B = Non-inter-level travel time spent in this place.
 C = Inter-level travel time spent in this place.
 D = Time resting spent in this place.
 E = Time spent auto-exploring this place.
 F = Levels seen in this place.
 G = Mean time per level.
                   A        B        C        D        E       F      G
               +--------+--------+--------+--------+--------+-----+--------+
         Total |   2936 |   2848 |     88 |    317 |   1858 |   4 |  734.0 |
       Dungeon |   2936 |   2848 |     88 |    317 |   1858 |   4 |  734.0 |
               +--------+--------+--------+--------+--------+-----+--------+

Top non-repeatable levels by time:
     D:1: 1176 daAuts
     D:3: 971 daAuts
     D:2: 762 daAuts
     D:4: 25 daAuts
